[ AOE2 MATCH · #513858631 ]
UnrankedMalians vs Teutons
Player's team · LOSS
Rival team · WIN
[ REPLAY ANALYSIS · EXTRACTED FROM THE RECORDED GAME ]
Feudal
10:51
Castle
22:15
Imperial
—
| APM avg | 43.4 |
| APM peak | 77 |
| eAPM avg | 19.3 |
| Villagers / military | 43 / 39 |
Focus
⚔️ 44.6% · 🌾 55.4%
Archer ×26 · Militia ×9 · Spearman ×3 · Skirmisher ×1
Feudal
9:01
Castle
21:58
Imperial
—
| APM avg | 48.7 |
| APM peak | 72 |
| eAPM avg | 22.2 |
| Villagers / military | 42 / 30 |
Focus
⚔️ 39.3% · 🌾 60.7%
Archer ×24 · Scout Cavalry ×3 · Knight ×2 · Skirmisher ×1
Match map
Initial resources + every placement click. Lines = walls · curves = elevation contours. ◆ gold · ⬟ stone · ● berries · ✦ relic · ◌ wall gap
Your base· Open — 3t gap
buscandobeiby11's base· Open — 3t gap
Smoothed initial terrain · ◌ = detected wall gap · hover for details
Inputs per minute
— AbsolutelyShrekt - - buscandobeiby11
Build order — AbsolutelyShrekt
First 150 of 154 actions detected
| 0:00 | Queue | Villager (Male) |
| 0:01 | Queue | Villager (Male) |
| 0:01 | Queue | Villager (Male) |
| 0:02 | Build | House |
| 0:03 | Build | House |
| 0:46 | Queue | Villager (Male) |
| 1:29 | Queue | Villager (Male) |
| 1:40 | Queue | Villager (Male) |
| 2:23 | Queue | Villager (Male) |
| 2:26 | Queue | Villager (Male) |
| 2:42 | Build | Barracks |
| 2:46 | Build | House |
| 3:05 | Queue | Villager (Male) |
| 3:32 | Build | House |
| 3:38 | Queue | Villager (Male) |
| 3:43 | Queue | Militia |
| 4:07 | Queue | Villager (Male) |
| 4:08 | Queue | Militia |
| 4:28 | Queue | Villager (Male) |
| 4:37 | Build | Lumber Camp |
| 4:46 | Queue | Militia |
| 4:51 | Queue | Villager (Male) |
| 5:18 | Queue | Villager (Male) |
| 5:18 | Queue | Villager (Male) |
| 5:41 | Queue | Villager (Male) |
| 6:05 | Queue | Villager (Male) |
| 6:06 | Queue | Villager (Male) |
| 6:07 | Queue | Villager (Male) |
| 6:35 | Build | House |
| 6:36 | Build | House |
| 6:45 | Build | Palisade Wall |
| 6:52 | Research | Loom |
| 7:22 | Build | Mill |
| 7:25 | Queue | Villager (Male) |
| 7:47 | Research | Loom |
| 8:23 | Build | Farm |
| 8:42 | Research | Feudal Age |
| 8:45 | Build | Farm |
| 8:57 | Build | House |
| 8:59 | Build | Palisade Wall |
| 9:31 | Build | Mining Camp |
| 9:46 | Build | Palisade Wall |
| 9:55 | Queue | Villager (Male) |
| 9:59 | Build | Farm |
| 10:20 | Queue | Militia |
| 10:23 | Queue | Militia |
| 10:39 | Build | Farm |
| 10:42 | Build | Farm |
| 10:51 | Age | Feudal Age |
| 10:54 | Research | Man-at-Arms (upgrade) |
| 11:02 | Build | Palisade Wall |
| 11:07 | Queue | Spearman |
| 11:25 | Build | Farm |
| 11:29 | Build | Farm |
| 11:33 | Build | Palisade Wall |
| 11:34 | Queue | Villager (Male) |
| 11:53 | Queue | Spearman |
| 12:05 | Queue | Villager (Male) |
| 12:09 | Build | Palisade Wall |
| 12:11 | Build | Palisade Wall |
| 12:16 | Build | Palisade Wall |
| 12:17 | Build | Palisade Wall |
| 12:26 | Queue | Spearman |
| 12:42 | Queue | Villager (Male) |
| 12:47 | Build | Archery Range |
| 12:59 | Queue | Villager (Male) |
| 13:22 | Queue | Villager (Male) |
| 13:25 | Build | Farm |
| 13:26 | Build | Farm |
| 13:49 | Queue | Archer |
| 13:55 | Queue | Villager (Male) |
| 14:11 | Queue | Archer |
| 14:12 | Queue | Archer |
| 14:15 | Queue | Villager (Male) |
| 14:23 | Research | Double-Bit Axe |
| 14:25 | Queue | Archer |
| 14:49 | Build | Farm |
| 14:50 | Queue | Villager (Male) |
| 14:53 | Build | Farm |
| 14:58 | Build | Palisade Gate |
| 15:04 | Queue | Villager (Male) |
| 15:05 | Queue | Archer |
| 15:17 | Build | Farm |
| 15:30 | Queue | Archer |
| 15:30 | Queue | Villager (Male) |
| 15:38 | Queue | Villager (Male) |
| 15:54 | Queue | Archer |
| 16:03 | Build | Blacksmith |
| 16:07 | Queue | Villager (Male) |
| 16:11 | Build | Market |
| 16:20 | Build | House |
| 16:30 | Queue | Villager (Male) |
| 16:31 | Queue | Archer |
| 16:42 | Build | House |
| 16:43 | Build | Palisade Wall |
| 16:49 | Build | House |
| 17:08 | Queue | Villager (Male) |
| 17:12 | Build | Blacksmith |
| 17:17 | Queue | Skirmisher |
| 17:19 | Build | Farm |
| 17:34 | Build | Farm |
| 17:35 | Queue | Villager (Male) |
| 17:45 | Queue | Archer |
| 17:55 | Research | Fletching |
| 17:56 | Queue | Villager (Male) |
| 18:07 | Build | Farm |
| 18:11 | Queue | Villager (Male) |
| 18:25 | Queue | Villager (Male) |
| 18:26 | Queue | Archer |
| 18:46 | Build | Archery Range |
| 19:02 | Queue | Archer |
| 19:35 | Research | Castle Age |
| 19:39 | Queue | Archer |
| 19:39 | Queue | Archer |
| 19:41 | Build | Farm |
| 20:05 | Research | Padded Archer Armor |
| 20:06 | Queue | Archer |
| 20:07 | Queue | Archer |
| 20:14 | Build | House |
| 20:18 | Queue | Villager (Male) |
| 20:24 | Build | Lumber Camp |
| 20:49 | Build | Farm |
| 21:00 | Queue | Archer |
| 21:00 | Queue | Archer |
| 21:12 | Build | Farm |
| 21:12 | Queue | Villager (Male) |
| 21:14 | Research | Horse Collar |
| 21:15 | Queue | Archer |
| 21:28 | Build | Farm |
| 21:53 | Queue | Archer |
| 21:54 | Queue | Archer |
| 21:56 | Queue | Militia |
| 21:56 | Queue | Militia |
| 21:57 | Queue | Militia |
| 22:06 | Research | Scale Mail Armor |
| 22:09 | Queue | Archer |
| 22:15 | Age | Castle Age |
| 22:18 | Research | Crossbowman (upgrade) |
| 22:28 | Build | Farm |
| 22:30 | Build | Farm |
| 22:31 | Build | Farm |
| 22:33 | Research | Bodkin Arrow |
| 22:40 | Queue | Archer |
| 22:41 | Queue | Archer |
| 22:45 | Build | Farm |
| 22:55 | Queue | Villager (Male) |
| 23:01 | Queue | Archer |
| 23:01 | Queue | Archer |
| 23:04 | Queue | Militia |
| 23:15 | Build | Farm |
Build order — buscandobeiby11
First 150 of 158 actions detected
| 0:04 | Queue | Villager (Male) ×4 |
| 0:07 | Build | House |
| 0:08 | Build | House |
| 1:24 | Queue | Villager (Male) |
| 1:24 | Queue | Villager (Male) |
| 1:50 | Queue | Villager (Male) |
| 1:51 | Queue | Villager (Male) |
| 2:09 | Queue | Villager (Male) |
| 2:27 | Queue | Villager (Male) |
| 2:49 | Queue | Villager (Male) |
| 2:50 | Queue | Villager (Male) |
| 2:50 | Queue | Villager (Male) |
| 3:14 | Build | Lumber Camp |
| 3:30 | Queue | Villager (Male) |
| 4:29 | Research | Loom |
| 4:33 | Build | House |
| 4:58 | Queue | Villager (Male) |
| 4:58 | Queue | Villager (Male) |
| 5:30 | Queue | Villager (Male) |
| 5:38 | Build | Mill |
| 5:51 | Queue | Villager (Male) |
| 6:22 | Build | Palisade Wall |
| 6:23 | Build | Palisade Wall |
| 6:26 | Build | Palisade Wall |
| 6:30 | Build | Palisade Wall |
| 6:51 | Research | Feudal Age |
| 6:51 | Research | Feudal Age |
| 7:15 | Build | Palisade Wall |
| 7:16 | Build | Palisade Wall |
| 7:17 | Build | Palisade Wall |
| 7:18 | Build | Palisade Wall |
| 7:40 | Build | House |
| 7:42 | Build | Palisade Wall |
| 7:44 | Build | Palisade Wall |
| 7:49 | Build | House |
| 8:08 | Build | Palisade Wall |
| 8:09 | Build | Palisade Wall |
| 8:10 | Build | Palisade Wall |
| 8:10 | Build | Palisade Wall |
| 8:12 | Build | Palisade Wall |
| 8:13 | Build | Palisade Wall |
| 8:21 | Build | Palisade Wall |
| 8:22 | Build | Palisade Wall |
| 8:23 | Build | Palisade Wall |
| 8:24 | Build | Palisade Wall |
| 8:24 | Build | Palisade Wall |
| 8:35 | Build | Barracks |
| 8:50 | Queue | Villager (Male) |
| 8:50 | Queue | Villager (Male) |
| 9:01 | Age | Feudal Age |
| 9:25 | Build | Stable |
| 9:36 | Queue | Villager (Male) |
| 9:51 | Research | Double-Bit Axe |
| 9:51 | Research | Double-Bit Axe |
| 10:03 | Queue | Villager (Male) |
| 10:14 | Build | House |
| 10:19 | Build | Farm |
| 10:20 | Queue | Scout Cavalry |
| 10:21 | Queue | Scout Cavalry |
| 10:21 | Queue | Scout Cavalry |
| 10:28 | Build | Farm |
| 10:37 | Build | Farm |
| 10:38 | Queue | Villager (Male) |
| 10:45 | Build | House |
| 10:56 | Research | Horse Collar |
| 11:00 | Build | Farm |
| 11:11 | Build | Palisade Wall |
| 11:22 | Build | Farm |
| 11:39 | Queue | Villager (Male) |
| 11:40 | Queue | Villager (Male) |
| 11:58 | Build | Farm |
| 12:02 | Build | Farm |
| 12:06 | Build | House |
| 12:09 | Queue | Villager (Male) |
| 12:15 | Build | Farm |
| 12:19 | Build | Farm |
| 12:35 | Queue | Villager (Male) |
| 12:37 | Build | Farm |
| 12:41 | Build | Farm |
| 12:51 | Build | Mining Camp |
| 12:52 | Queue | Villager (Male) |
| 13:25 | Build | Archery Range |
| 13:34 | Queue | Villager (Male) |
| 13:56 | Build | Lumber Camp |
| 14:09 | Build | House |
| 14:11 | Queue | Archer |
| 14:12 | Queue | Villager (Male) |
| 14:13 | Queue | Villager (Male) |
| 14:17 | Research | Town Watch |
| 14:18 | Queue | Archer |
| 14:30 | Build | House |
| 14:39 | Queue | Villager (Male) |
| 14:39 | Queue | Villager (Male) |
| 14:47 | Build | Blacksmith |
| 14:52 | Queue | Archer |
| 15:05 | Build | Farm |
| 15:19 | Build | Palisade Wall |
| 15:25 | Queue | Archer |
| 15:28 | Queue | Villager (Male) |
| 15:31 | Build | Farm |
| 15:56 | Queue | Skirmisher |
| 15:59 | Research | Fletching |
| 16:00 | Research | Fletching |
| 16:03 | Build | House |
| 16:09 | Research | Wheelbarrow |
| 16:17 | Build | Lumber Camp |
| 16:27 | Queue | Archer |
| 16:27 | Queue | Archer |
| 16:39 | Queue | Archer |
| 16:50 | Build | House |
| 17:19 | Queue | Archer |
| 17:21 | Queue | Villager (Male) |
| 17:22 | Queue | Villager (Male) |
| 17:32 | Build | House |
| 17:56 | Queue | Archer |
| 17:59 | Research | Padded Archer Armor |
| 18:10 | Build | Farm |
| 18:28 | Queue | Villager (Male) |
| 18:31 | Queue | Villager (Male) |
| 18:36 | Research | Gold Mining |
| 18:53 | Build | Palisade Wall |
| 18:59 | Build | Lumber Camp |
| 19:16 | Research | Castle Age |
| 19:16 | Research | Castle Age |
| 19:23 | Build | Archery Range |
| 19:38 | Queue | Archer |
| 19:39 | Queue | Archer |
| 20:03 | Queue | Archer |
| 20:07 | Queue | Archer |
| 20:07 | Queue | Archer |
| 20:33 | Research | Bloodlines |
| 20:34 | Research | Scale Barding Armor |
| 21:03 | Queue | Archer |
| 21:03 | Queue | Archer |
| 21:58 | Age | Castle Age |
| 21:59 | Research | Bodkin Arrow |
| 22:01 | Research | Crossbowman (upgrade) |
| 22:01 | Research | Crossbowman (upgrade) |
| 22:03 | Queue | Knight |
| 22:10 | Research | Bow Saw |
| 22:10 | Research | Bow Saw |
| 22:14 | Queue | Villager (Male) |
| 22:25 | Build | Farm |
| 22:26 | Queue | Villager (Male) |
| 22:27 | Queue | Villager (Male) |
| 22:34 | Queue | Archer |
| 22:34 | Queue | Archer |
| 22:34 | Queue | Archer |
| 22:40 | Build | Mining Camp |
| 22:42 | Queue | Villager (Male) |
Match timeline
| 2:42 | AbsolutelyShrekt · first_building Barracks |
| 6:22 | buscandobeiby11 · wall_segment Palisade Wall x1 |
| 6:23 | buscandobeiby11 · wall_segment Palisade Wall x1 |
| 6:26 | buscandobeiby11 · wall_segment Palisade Wall x1 |
| 6:30 | buscandobeiby11 · wall_segment Palisade Wall x1 |
| 6:45 | AbsolutelyShrekt · wall_segment Palisade Wall x1 |
| 7:15 | buscandobeiby11 · wall_segment Palisade Wall x1 |
| 7:16 | buscandobeiby11 · wall_segment Palisade Wall x1 |
| 7:17 | buscandobeiby11 · wall_segment Palisade Wall x1 |
| 7:18 | buscandobeiby11 · wall_segment Palisade Wall x1 |
| 7:42 | buscandobeiby11 · wall_segment Palisade Wall x1 |
| 7:44 | buscandobeiby11 · wall_segment Palisade Wall x1 |
| 8:08 | buscandobeiby11 · wall_segment Palisade Wall x1 |
| 8:09 | buscandobeiby11 · wall_segment Palisade Wall x1 |
| 8:10 | buscandobeiby11 · wall_segment Palisade Wall x1 |
| 8:10 | buscandobeiby11 · wall_segment Palisade Wall x1 |
| 8:12 | buscandobeiby11 · wall_segment Palisade Wall x1 |
| 8:13 | buscandobeiby11 · wall_segment Palisade Wall x1 |
| 8:21 | buscandobeiby11 · wall_segment Palisade Wall x1 |
| 8:22 | buscandobeiby11 · wall_segment Palisade Wall x1 |
| 8:23 | buscandobeiby11 · wall_segment Palisade Wall x1 |
| 8:24 | buscandobeiby11 · wall_segment Palisade Wall x1 |
| 8:24 | buscandobeiby11 · wall_segment Palisade Wall x1 |
| 8:35 | buscandobeiby11 · first_building Barracks |
| 8:59 | AbsolutelyShrekt · wall_segment Palisade Wall x12 |
| 9:01 | buscandobeiby11 · age_up feudal |
| 9:25 | buscandobeiby11 · first_building Stable |
| 9:46 | AbsolutelyShrekt · wall_segment Palisade Wall x8 |
| 10:51 | AbsolutelyShrekt · age_up feudal |
| 11:02 | AbsolutelyShrekt · wall_segment Palisade Wall x1 |
| 11:11 | buscandobeiby11 · wall_segment Palisade Wall x6 |
| 11:33 | AbsolutelyShrekt · wall_segment Palisade Wall x4 |
| 12:09 | AbsolutelyShrekt · wall_segment Palisade Wall x1 |
| 12:11 | AbsolutelyShrekt · wall_segment Palisade Wall x8 |
| 12:16 | AbsolutelyShrekt · wall_segment Palisade Wall x1 |
| 12:17 | AbsolutelyShrekt · wall_segment Palisade Wall x2 |
| 12:47 | AbsolutelyShrekt · first_building Archery Range |
| 13:25 | buscandobeiby11 · first_building Archery Range |
| 15:19 | buscandobeiby11 · wall_segment Palisade Wall x7 |
| 16:43 | AbsolutelyShrekt · wall_segment Palisade Wall x1 |
| 18:02 | AbsolutelyShrekt · first_market_sell 500 stone |
| 18:03 | AbsolutelyShrekt · first_market_buy 100 food |
| 18:53 | buscandobeiby11 · wall_segment Palisade Wall x1 |
| 21:58 | buscandobeiby11 · age_up castle |
| 22:15 | AbsolutelyShrekt · age_up castle |
| 23:38 | AbsolutelyShrekt · resign |
[ AI ANALYSIS · 1 CREDIT ]
What really happened in this match?
Wolo.gg analyzes every decision: build order, eco, micro, common mistakes by bracket. Personalized analysis on WhatsApp or Discord in 30 seconds.
Civ guide
Malians
Perfil
Jugador #20658156